 Dungeon Crawl Stone Soup version 0.31-a0-112-gdf0485fa37 (webtiles) character file.

Game seed: 5597227891425638659

3710 Flubber the Ruffian (level 9, -1/133 HPs)
             Began as a Troll Berserker on May 28, 2023.
             Was an Elder of Trog.
             Slain by a two-headed ogre
             ... wielding a +0 giant club
              (16 damage)
             ... on level 8 of the Dungeon.
             The game lasted 00:13:01 (6152 turns).

Flubber the Ruffian (Troll Berserker)               Turns: 6152, Time: 00:13:02

Health: -1/133     AC:  5    Str: 31    XL:     9   Next: 91%
Magic:  8/8        EV: 11    Int:  6    God:    Trog [****..]
Gold:   644        SH:  0    Dex:  9    Spells: 8/8 levels left

rFire   . . .        g - +8 trident "Conservator" {heavy, rElec Int+3}
rCold   . . .        (no shield)
rNeg    . . .        a - +0 animal skin
rPois   .            (helmet restricted)
rElec   +            l - +0 cloak
rCorr   .            (gloves unavailable)
SInv    .            (boots unavailable)
Will    ++...        (no amulet) Stlth
                     (no ring)
HPRegen 2.22/turn    (no ring)
MPRegen 0.11/turn

%: no passive effects
@: berserking, strong-willed, regenerating, studying Dodging, very quick
A: large, unfitting armour, claws 3, regeneration 1, shaggy fur 1, tough skin 1
a: Renounce Religion, Berserk, Trog's Hand, Brothers in Arms


You were on level 8 of the Dungeon.
You worshipped Trog.
Trog was greatly pleased with you.
You visited 1 branch of the dungeon, and saw 8 of its levels.

You collected 644 gold pieces.

Inventory:

Hand Weapons
 g - the +8 trident "Conservator" (weapon) {heavy, rElec Int+3}
   (You found it on level 5 of the Dungeon)

   Int:       It affects your intelligence (+3).
   rElec:     It insulates you from electricity.
Missiles
 r - 2 javelins (quivered)
 u - a throwing net
Armour
 a - a +0 animal skin (worn)
 l - a +0 cloak (worn)
Jewellery
 t - a ring of positive energy
 v - a +5 ring of evasion
Wands
 h - a wand of quicksilver (4)
 k - a wand of digging (5)
 m - a wand of charming (9)
 w - a wand of polymorph (11)
Scrolls
 b - 3 scrolls of identify
 i - a scroll of fear {unknown}
 n - a scroll of teleportation {unknown}
 q - a scroll of enchant weapon
 x - a scroll of fog {unknown}
 y - a scroll of magic mapping
Potions
 c - 2 potions of degeneration
 d - a potion of curing
 e - a potion of attraction
 f - 2 potions of resistance
 j - a potion of might
 o - 3 potions of lignification
 p - a potion of brilliance
 s - a potion of enlightenment {unknown}


   Skills:
 + Level 6.3 Fighting
 * Level 6.6 Polearms
 + Level 6.5 Dodging
 - Level 0.2 Stealth
 - Level 7.1 Unarmed Combat


You had 8 spell levels left.
You didn't know any spells.
Your spell library was empty.

Dungeon Overview and Level Annotations

Branches:
Dungeon (8/15)             Temple (0/1) D:7
   Lair: D:8-11

Altars:
Dithmenos
Fedhas
Gozag
Makhleb
Okawaru
Qazlal
Sif Muna
Trog
Yredelemnul
Zin
The Shining One

Shops:
D:3 =

Annotations:
D:5 Sigmund


Innate Abilities, Weirdness & Mutations

You are too large for most types of armour.
You have claws for hands.
Your natural rate of healing is unusually fast.
You are covered in fur. (AC +1)
You have tough skin. (AC +1)


Message History

HP restored.
y - a scroll of magic mapping
There is a stone staircase leading up, spattered with blood here.
Prince Ribbit comes into view.
Found a stone staircase leading down.
Prince Ribbit croaks.
Prince Ribbit croaks regally.
Prince Ribbit blinks!
Prince Ribbit hits you but does no damage.
You puncture Prince Ribbit!
Prince Ribbit is moderately wounded.
Prince Ribbit hits you but does no damage.
Prince Ribbit hits you.
You impale Prince Ribbit!!
You kill Prince Ribbit!
Trog accepts your kill.
Found 3 stones.
A two-headed ogre comes into view. It is wielding two +0 giant clubs.
The two-headed ogre shouts in stereo!
You impale the two-headed ogre!!
The two-headed ogre is moderately wounded.
The two-headed ogre misses you.
The two-headed ogre hits you with a +0 giant club!
You barely miss the two-headed ogre.
The two-headed ogre is moderately wounded.
The two-headed ogre hits you with a +0 giant club!!
The two-headed ogre closely misses you.
You barely miss the two-headed ogre. Your claw misses the two-headed ogre.
The two-headed ogre is moderately wounded.
The two-headed ogre hits you with a +0 giant club!!
The two-headed ogre barely misses you.
Your skin crawls.
You feel strong-willed.
The two-headed ogre hits you with a +0 giant club!!
* * * LOW HITPOINT WARNING * * *
The two-headed ogre closely misses you.
A red film seems to cover your vision as you go berserk!
You feel yourself moving faster!
You feel mighty!
The two-headed ogre hits you with a +0 giant club!
You die...

.# .# .# .# .# .#
.# .# .# .#######
.# .......# .#
.#.###>##########O♣
.#.# #..........@.♣
.#.###.##########.♣
.#.....###### .♣
............# .♣
####...####.# .#
#...# .# #...# #.
...... # ...#####


You could see a two-headed ogre.

Vanquished Creatures
  Prince Ribbit (D:8)
  A wraith (D:8)
  2 humans (D:7)
  A steam dragon (D:7)
  Menkaure (D:7)
  Edmund (D:5)
  A water moccasin (D:7)
  2 orc warriors (D:7)
  An ice beast (D:6)
  2 black bears
  4 ogres
  3 centaurs
  A kobold brigand (D:6)
  A gnoll sergeant (D:7)
  4 bullfrogs (D:7)
  3 scorpions
  5 wights (D:7)
  2 howler monkeys (D:7)
  2 hounds
  6 orc priests
  A jelly (D:6)
  3 iguanas
  2 orc wizards
  A mummy (D:7)
  9 gnolls
  6 adders
  A shadow imp (D:5)
  A white imp (D:6)
  A worm (D:2)
  18 orcs
  9 bats
  5 endoplasms
  4 giant cockroaches
  10 goblins
  9 hobgoblins
  12 jackals
  5 quokkas
  2 ball pythons
  2 frilled lizards (D:1)
  7 kobolds
  4 rats
156 creatures vanquished.

Notes
Turn   | Place    | Note
-------+----------+-------------------------------------------
     0 | D:1      | Flubber the Troll Berserker began the quest for the Orb.
     0 | D:1      | Reached XP level 1. HP: 22/22 MP: 0/0
    91 | D:1      | Reached XP level 2. HP: 29/29 MP: 1/1
   369 | D:1      | Reached XP level 3. HP: 36/36 MP: 2/2
   374 | D:1      | Reached ** piety under Trog
   749 | D:2      | Reached skill level 4 in Unarmed Combat
   929 | D:2      | Reached XP level 4. HP: 40/44 MP: 3/3
  1462 | D:3      | Found a basalt altar of Yredelemnul.
  1652 | D:3      | Found Apaant's Jewellery Emporium.
  1790 | D:3      | Found a faded altar of an unknown god.
  1852 | D:3      | Reached *** piety under Trog
  1878 | D:3      | Reached XP level 5. HP: 52/52 MP: 4/4
  2003 | D:3      | Reached skill level 5 in Unarmed Combat
  2431 | D:4      | Found a glowing silver altar of Zin.
  2458 | D:4      | Found a shadowy altar of Dithmenos.
  2501 | D:4      | Noticed an ogre
  2515 | D:4      | Killed an ogre
  2516 | D:4      | Reached XP level 6. HP: 61/61 MP: 5/5
  2707 | D:4      | Reached skill level 6 in Unarmed Combat
  2755 | D:4      | Reached XP level 7. HP: 66/68 MP: 6/6
  2813 | D:4      | Found a glowing golden altar of the Shining One.
  2817 | D:4      | Found a shimmering blue altar of Sif Muna.
  2820 | D:4      | Found a bloodstained altar of Trog.
  3169 | D:5      | Entered Level 5 of the Dungeon
  3185 | D:5      | Found a burning altar of Makhleb.
  3297 | D:5      | Noticed Edmund
  3322 | D:5      | Killed Edmund
  3354 | D:5      | Identified the +8 trident "Conservator" {heavy, rElec
                  | Int+3}
  3420 | D:5      | Reached skill level 7 in Unarmed Combat
  3501 | D:5      | Noticed Sigmund
  3665 | D:6      | Reached skill level 1 in Polearms
  3728 | D:6      | Reached **** piety under Trog
  3729 | D:6      | Reached XP level 8. HP: 64/79 MP: 7/7
  4345 | D:6      | You fall into a shaft and drop 1 floor!
  4345 | D:7      | Found a stormy altar of Qazlal.
  4368 | D:7      | Reached skill level 5 in Dodging
  4371 | D:7      | Reached skill level 5 in Fighting
  4503 | D:7      | Reached XP level 9. HP: 83/88 MP: 8/8
  4520 | D:7      | Found a blossoming altar of Fedhas.
  4609 | D:7      | Identified the +3 scale mail of Niopet {rC+}
  4640 | D:7      | HP: 4/88 [steam dragon] (16)]
  4640 | D:7      | HP: 1/88 [steam dragon (5)]
  4826 | D:7      | Reached skill level 5 in Polearms
  4895 | D:7      | Found an iron altar of Okawaru.
  5134 | D:7      | Found an opulent altar of Gozag.
  5180 | D:7      | Found a staircase to the Ecumenical Temple.
  5376 | D:7      | Noticed Menkaure
  5383 | D:7      | Killed Menkaure
  6122 | D:8      | Noticed Prince Ribbit
  6124 | D:8      | Killed Prince Ribbit
  6147 | D:8      | Noticed a two-headed ogre
  6152 | D:8      | Slain by a two-headed ogre

Illustrated notes

Levels and vault maps discovered:
D:1:      scummos_arrival_checkerplants, layout_loops_ring
D:2:      layout_loops_ring
D:3:      layout_loops_corners, yredelemnul_altar_generic, serial_shops, shop,
          dreamdust_ecumenical_altar_hidden_monk_grotto, kennysheep_orc_chapel
D:4:      layout_gridville, grunt_dithmenos_smoke_and_mirrors,
          amcnicky_altar_gilded, grunt_temple_overflow_diamond, minmay_circle_x
D:5:      nicolae_cairo_tiling_large, layout_basic, mainiacjoe_overflow_paths,
          serial_shops, nicolae_shop_statue_plus, minmay_tree_intersection,
          uniq_edmund, uniq_sigmund
D:6:      layout_layer_cave, grunt_ministairs_1
D:7:      layout_basic, nicolae_qazlal_general_emergency,
          grunt_gozag_breadcrumbs, fedhas_altar_1, okawaru_humans,
          minmay_temple_entry_from_below_a, gup_ossuary_entry_pyramid,
          chequers_serial_rivers_micro_c, uniq_menkaure
D:8:      layout_loops_ring, regret_index_temple_of_mockery,
          pdpol_wu_jian_five_deadly_venoms, overflow_temple_1_default,
          serial_shops, shop, serial_bayou_ford_a, uniq_prince_ribbit1

Skill      XL: |  1  2  3  4  5  6  7  8  9 |
---------------+----------------------------+-----
Unarmed Combat | 4 5 6 7 |  7.1
Dodging        | 3 4 5 6 |  6.5
Fighting       | 3 4 5 6 |  6.3
Polearms       | 1 4 6 |  6.6
Stealth        | |  0.2

Action                     |  1- 3 |  4- 6 |  7- 9 || total
---------------------------+-------+-------+-------++-------
  Melee: Unarmed           |   116 |   101 |   112 ||   329
         Punch             |       |     2 |     4 ||     6
         Trident           |       |       |    68 ||    68
  Throw: Javelin           |       |    15 |    28 ||    43
 Invoke: Berserk           |       |       |     3 ||     3
         Trog's Hand       |       |       |     2 ||     2
  Evoke: Wand              |       |       |     8 ||     8
    Use: Scroll            |     4 |     8 |     1 ||    13
   Stab: Sleeping          |     2 |     1 |       ||     3
 Armour: Animal skin       |    36 |    24 |    35 ||    95
  Dodge: Dodged            |    55 |    56 |   101 ||   212

Table legend: (Time is in decaauts)
 A = Elapsed time spent in this place.
 B = Non-inter-level travel time spent in this place.
 C = Inter-level travel time spent in this place.
 D = Time resting spent in this place.
 E = Time spent auto-exploring this place.
 F = Levels seen in this place.
 G = Mean time per level.
                   A        B        C        D        E       F      G
               +--------+--------+--------+--------+--------+-----+--------+
         Total |   6200 |   5928 |    272 |     19 |   4837 |   8 |  775.0 |
       Dungeon |   6200 |   5928 |    272 |     19 |   4837 |   8 |  775.0 |
               +--------+--------+--------+--------+--------+-----+--------+

Top non-repeatable levels by time:
     D:7: 1328 daAuts
     D:6: 1219 daAuts
     D:3: 995 daAuts
     D:4: 758 daAuts
     D:1: 735 daAuts
     D:2: 668 daAuts
     D:5: 386 daAuts
     D:8: 108 daAuts
